 Dungeon Crawl Stone Soup version 0.31-a0-844-gdc52ec4e09 (webtiles) character file.

Game seed: 14891226543912511066

8 Bravepunisher the Ducker (level 2, -4/16 HPs)
             Began as a Spriggan Monk on Sept 29, 2023.
             Frozen to death by an endoplasm (5 damage)
             ... on level 4 of the Dungeon.
             The game lasted 00:02:00 (504 turns).

Bravepunisher the Ducker (Spriggan Monk)             Turns: 504, Time: 00:02:01

Health: -4/16      AC:  2    Str:  7    XL:     2   Next: 0%
Magic:  3/3        EV: 19    Int: 11    God:
Gold:   72         SH:  0    Dex: 17    Spells: 1/1 levels left

rFire   . . .        a - +0 short sword
rCold   . . .        (no shield)
rNeg    . . .        b - +0 robe
rPois   .            (helmet restricted)
rElec   .            (no cloak)
rCorr   .            (gloves unavailable)
SInv    +            (boots unavailable)
Will    .....        (no amulet)
Stlth   ++           (no ring)
HPRegen 0.22/turn    (no ring)
MPRegen 0.08/turn

%: no passive effects
@: very quick
A: very small, no large weapons, unfitting armour, see invisible, speed 3
a: no special abilities


You were on level 4 of the Dungeon.
You visited 1 branch of the dungeon, and saw 4 of its levels.

You collected 72 gold pieces.

Inventory:

Hand Weapons
 a - a +0 short sword (weapon)
Armour
 b - a +0 robe (worn)
Scrolls
 d - a scroll of enchant armour {unknown}
Potions
 c - a potion of ambrosia
 e - a potion of mutation {unknown}


   Skills:
 * Level 2.7 Fighting
 - Level 3.2 Short Blades
 + Level 4.2 Dodging


You had one spell level left.
You didn't know any spells.
Your spell library was empty.

Dungeon Overview and Level Annotations

Branches:
Dungeon (4/15)
 Temple: D:4-7

Altars:
Wu Jian


Innate Abilities, Weirdness & Mutations

You are very small and have problems with some larger weapons.
You are too small for most types of armour.
You have supernaturally acute eyesight. (SInv)
You cover ground extremely quickly. (Speed+++)


Message History

The endoplasm closely misses you. The hobgoblin barely misses you.
The orc wizard completely misses you.
You hit the hobgoblin but do no damage.
The hobgoblin is lightly wounded.
The orc misses you. The endoplasm freezes you.
You are frozen.
The hobgoblin misses you.
The orc wizard gestures wildly while chanting.
The orc wizard flickers and vanishes for a moment.
You hear a shout!
You hit the hobgoblin.
The hobgoblin is moderately wounded.
The orc misses you. The endoplasm hits you.
The hobgoblin completely misses you. The adder closely misses you.
The orc wizard barely misses you.
You hit the hobgoblin but do no damage.
The hobgoblin is lightly wounded.
The adder completely misses you. The endoplasm freezes you.
You are frozen.
* * * LOW HITPOINT WARNING * * *
A kobold comes into view. It is wielding a +0 whip of venom.
The orc closely misses you. The hobgoblin completely misses you.
The kobold shouts!
You hit the hobgoblin but do no damage.
The hobgoblin is lightly wounded.
The orc wizard completely misses you. The adder misses you.
You barely miss the hobgoblin.
The hobgoblin is lightly wounded.
The orc completely misses you. The endoplasm freezes you.
You are frozen.
* * * LOW HITPOINT WARNING * * *
The hobgoblin misses you. The orc wizard completely misses you.
The adder closely misses you.
You hit the hobgoblin.
The hobgoblin is heavily wounded.
The endoplasm freezes you.
You are frozen.
You die...

##.#####.#
######.####### ...
#~~........(# #...
#~~~..S.....# #...
#~~~..(.._).# +...
#~~~.....♣..#
#...####~~~~......(#
##....##~~.....oJS.#
.##...'#~~.....o@..#
..##..###########g##
...'..####... #K#
..###........ #..
.##.#.####.#. ....
##....# .....
#.....# .......
'.....# #.......
#.....# .........


You could see an orc wizard (invisible), an adder, an orc, an endoplasm, a
hobgoblin, a ball python and a kobold.

Vanquished Creatures
  A ball python (D:4)
  An endoplasm (D:2)
  A giant cockroach (D:1)
  A goblin (D:1)
  A bat (D:1)
  2 frilled lizards
  A kobold (D:1)
8 creatures vanquished.

Notes
Turn   | Place    | Note
-------+----------+-------------------------------------------
     0 | D:1      | Bravepunisher the Spriggan Monk began the quest for the
                  | Orb.
     0 | D:1      | Reached XP level 1. HP: 11/11 MP: 2/2
   103 | D:1      | Found a faded altar of an unknown god.
   358 | D:4      | Noticed a steam dragon
   431 | D:4      | Noticed a sleepcap
   470 | D:4      | Noticed an orc wizard
   475 | D:4      | Found an ornate altar of the Wu Jian Council.
   494 | D:4      | Reached XP level 2. HP: 16/16 MP: 3/3
   504 | D:4      | Frozen to death by an endoplasm

Illustrated notes

Levels and vault maps discovered:
D:1:      dpeg_arrival_castle, layout_loops_ring, serial_shops,
          nicolae_shop_bloodbath_and_beyond, hellmonk_ecumenical_altar_blasted,
          serial_aquarium, aquarium_bridge_long_separate
          [aquarium_subvault_window, aquarium_subvault_bridge,
          aquarium_subvault_window, aquarium_subvault_bridge,
          aquarium_subvault_window, aquarium_subvault_bridge],
          aquarium_bridge_straight [aquarium_subvault_bridge,
          aquarium_subvault_wall, aquarium_subvault_bridge,
          aquarium_subvault_window], aquarium_window_2, aquarium_window_2,
          aquarium_view_2d, aquarium_view_2b, aquarium_pool_2,
          minmay_crystal_water, amcnicky_mini_pool_small
D:2:      layout_loops_ring, st_stairs_11
D:3:      layout_loops_ring, nicolae_elyvilon_peaceful_grove,
          nicolae_vehumet_altar_sigil, mainiacjoe_overflow_24_doors
D:4:      layout_basic, nzn_wu_jian_contemplation, serial_shops, shop,
          nicolae_hexahallways

Action                     || total
---------------------------++-------
  Melee: Short sword       ||    36
   Stab: Sleeping          ||     3
 Armour: Robe              ||     8
  Dodge: Dodged            ||    45

Table legend: (Time is in decaauts)
 A = Elapsed time spent in this place.
 B = Non-inter-level travel time spent in this place.
 C = Inter-level travel time spent in this place.
 D = Time resting spent in this place.
 E = Time spent auto-exploring this place.
 F = Levels seen in this place.
 G = Mean time per level.
                   A        B        C        D        E       F      G
               +--------+--------+--------+--------+--------+-----+--------+
         Total |    337 |    314 |     23 |      0 |    146 |   4 |   84.2 |
       Dungeon |    337 |    314 |     23 |      0 |    146 |   4 |   84.2 |
               +--------+--------+--------+--------+--------+-----+--------+

Top non-repeatable levels by time:
     D:1: 147 daAuts
     D:4: 107 daAuts
     D:2: 69 daAuts
     D:3: 13 daAuts
